 Dungeon Crawl Stone Soup version 0.19-a0-1850-g63fd1ff (webtiles) character file.

9218 Naow the Severer (level 11, 0/123 HPs)
             Began as a Minotaur Berserker on Oct 10, 2016.
             Was a High Priest of Trog.
             Slain by a yak (9 damage)
             ... on level 11 of the Dungeon.
             The game lasted 00:12:38 (8137 turns).

Naow the Severer (Minotaur Berserker)               Turns: 8137, Time: 00:12:39

Health: 0/123      AC: 14    Str: 27    XL:     11   Next: 20%
Magic:  10/10      EV:  8    Int:  7    God:    Trog [*****.]
Gold:   493        SH:  0    Dex: 10    Spells: 0 memorised, 10 levels left

rFire  + . .     SeeInvis +     o - +0 war axe
rCold  . . .     Gourm    .     M - +0 plate armour
rNeg   . . .     Faith    .     (no shield)
rPois  .         Spirit   .     (helmet restricted)
rElec  .         Dismiss  .     r - +0 cloak
rCorr  .         Reflect  .     i - +0 pair of gloves (curse)
MR     ++...     Harm     .     u - +0 pair of boots
Stlth  ..........               (no amulet)
                                J - ring of protection from fire
                                l - ring of see invisible

@: berserking, lethally poisoned (0 -> -1), regenerating, very quick
A: retaliatory headbutt, horns 2
a: Berserk, Trog's Hand, Brothers in Arms, Burn Spellbooks, Renounce Religion


You were on level 11 of the Dungeon.
You worshipped Trog.
Trog was extremely pleased with you.
You were near starving.

You visited 1 branch of the dungeon, and saw 11 of its levels.

You collected 605 gold pieces.
You spent 112 gold pieces at shops.

Inventory:

Hand Weapons
 a - a +0 hand axe
 o - a +0 war axe (weapon)
Armour
 b - a +0 animal skin
 i - a cursed +0 pair of gloves (worn)
 k - a +0 troll leather armour
 r - a +0 cloak (worn)
 u - a +0 pair of boots (worn)
 B - a +0 ring mail of magic resistance
 L - a +2 pair of gloves of dexterity
 M - a +0 plate armour (worn)
Jewellery
 l - a ring of see invisible (left hand)
 J - a ring of protection from fire (right hand)
 O - an uncursed amulet of faith {unknown}
 R - an uncursed amulet of the gourmand {unknown}
Wands
 U - a wand of digging (10/24)
Scrolls
 e - 2 scrolls of recharging {unknown}
 h - 8 scrolls of remove curse {unknown}
 m - 3 scrolls of enchant armour {unknown}
 n - 7 scrolls of identify {unknown}
 q - 3 scrolls of teleportation {unknown}
 t - 2 scrolls of fog {unknown}
 y - 3 scrolls of noise {unknown}
 D - 4 scrolls of magic mapping {unknown}
 E - 2 scrolls of blinking {unknown}
 H - a scroll of brand weapon {unknown}
 I - 2 scrolls of random uselessness {unknown}
 Q - a scroll of fear {unknown}
 S - a scroll of amnesia {unknown}
Potions
 d - 7 potions of curing {unknown}
 g - a potion of berserk rage {unknown}
 p - 6 potions of brilliance {unknown}
 v - 3 potions of heal wounds {unknown}
 w - a potion of flight {unknown}
 x - a potion of cancellation {unknown}
 z - 2 potions of degeneration {unknown}
 A - a potion of invisibility {unknown}
 F - 2 potions of might {unknown}
 N - a potion of lignification {unknown}
 V - 2 potions of magic {unknown}
Books
 f - a book of Conjurations

   Spells                             Type                      Level
   a - Magic Dart                     Conjuration                  1
   b - Searing Ray                    Conjuration                  2
   c - Dazzling Spray                 Conjuration/Hexes            3
   d - Fulminant Prism                Conjuration/Hexes            4
   e - Iskenderun's Mystic Blast      Conjuration                  4
   f - Iskenderun's Battlesphere      Conjuration/Charms           5
   Trog disapproves of the use of such an item.
 C - a book of Maledictions

   Spells                             Type                      Level
   a - Corona                         Hexes                        1
   b - Ensorcelled Hibernation        Hexes/Ice                    2
   c - Confuse                        Hexes                        3
   d - Tukima's Dance                 Hexes                        3
   e - Dazzling Spray                 Conjuration/Hexes            3
   Trog disapproves of the use of such an item.
 P - a book of Changes

   Spells                             Type                      Level
   a - Beastly Appendage              Transmutation                1
   b - Sticks to Snakes               Transmutation                2
   c - Spider Form                    Transmutation/Poison         3
   d - Ice Form                       Ice/Transmutation            4
   e - Blade Hands                    Transmutation                5
   Trog disapproves of the use of such an item.
Comestibles
 c - 15 bread rations
 j - 3 fruits
 s - 2 beef jerkies
 G - 3 meat rations
 K - 3 chunks of flesh
 T - a slice of pizza


   Skills:
 - Level 3.6 Fighting
 + Level 19.2 Axes
 - Level 2.4 Armour
 - Level 2.1 Dodging


You had 10 spell levels left.
You didn't know any spells.

Dungeon Overview and Level Annotations

Branches:
Dungeon (11/15)            Temple (0/1) D:4
   Lair: D:8-11         Orc: D:9-12

Altars:
Ashenzari
Cheibriados
Dithmenos
Elyvilon
Nemelex Xobeh
Okawaru
Qazlal
Sif Muna
Trog
Uskayaw
Xom
Yredelemnul
The Shining One

Shops:
D:8 [


Innate Abilities, Weirdness & Mutations

You reflexively headbutt those who attack you in melee.
You have a pair of horns on your head.


Message History

The yak gores you!
* * * LOW HITPOINT WARNING * * *
You are too injured to fight recklessly!
You are too injured to fight recklessly!
You are too injured to fight recklessly!
You slice the yak!!
You kill the yak!
Trog accepts your kill.
You hit the yak. You slash the yak! The yak gores you!
* * * LOW HITPOINT WARNING * * *
You are near starving!
You slash the yak! You headbutt the yak.
You feel the power of Trog in you as your rage grows.
You kill the yak!
Trog accepts your kill.
You slash the yak! You barely miss the yak. Your headbutt misses the yak.
The yak is heavily wounded.
The yak gores you!
You die...

#..........#
#..........#
########..........#
.......(..........#
........(.........#
...............#..#
.............._...#
##########()...#..#
#.@Y.....#
#.†).....#
#........#
#........#
#........#
.........#
#..#####.# #..# .#


You could see a yak.

Vanquished Creatures
  The ghost of Naow the Severer, a novice MiBe of Trog (D:11)
  2 hill giants (D:10)
  A kobold demonologist (D:11)
  2 hippogriffs
  A spriggan (D:7)
  9 yaks
  Grum (D:10)
  4 hungry ghosts
  Edmund (D:4)
  4 orc warriors
  3 sky beasts
  2 black bears
  3 ice beasts
  A phantom (D:7)
  2 ogres
  2 centaurs
  4 wolves (D:10)
  9 big kobolds
  A gnoll sergeant (D:8)
  5 bullfrogs
  A scorpion (D:8)
  2 howler monkeys (D:6)
  5 wights (D:7)
  An electric eel (D:9)
  3 crimson imps
  A centaur zombie (D:9)
  4 jellies
  4 orc priests
  2 bullfrog zombies (D:5)
  A centaur skeleton (D:8)
  A gnoll shaman (D:10)
  6 hounds
  A bullfrog skeleton (D:10)
  10 orc wizards
  13 worker ants
  15 gnolls
  A howler monkey skeleton (D:10)
  9 adders
  3 shadow imps
  An adder skeleton (D:5)
  2 adder zombies
  A worm (D:5)
  5 leopard geckos
  32 orcs
  A ball python (D:1)
  7 bats
  4 giant cockroaches
  3 goblins
  4 hobgoblins
  14 jackals
  41 kobolds
  6 quokkas
  5 frilled lizards
  A leopard gecko zombie (D:7)
  3 rats
271 creatures vanquished.

Notes
Turn   | Place    | Note
-------+----------+-------------------------------------------
     0 | D:1      | Naow the Minotaur Berserker began the quest for the Orb.
     0 | D:1      | Reached XP level 1. HP: 19/19 MP: 0/0
   105 | D:1      | Reached skill level 4 in Axes
   285 | D:1      | Reached XP level 2. HP: 26/26 MP: 1/1
   737 | D:2      | Found a bloodstained altar of Trog.
   777 | D:2      | Reached skill level 5 in Axes
   777 | D:2      | Reached XP level 3. HP: 27/31 MP: 2/2
   906 | D:2      | Reached ** piety under Trog
  1198 | D:3      | Reached skill level 6 in Axes
  1198 | D:3      | Reached XP level 4. HP: 39/39 MP: 3/3
  1489 | D:3      | Found a snail-covered altar of Cheibriados.
  1762 | D:4      | Noticed an ogre
  1768 | D:4      | Killed an ogre
  1768 | D:4      | Reached skill level 7 in Axes
  1768 | D:4      | Reached XP level 5. HP: 45/45 MP: 4/4
  1822 | D:4      | Reached skill level 8 in Axes
  1988 | D:4      | Reached XP level 6. HP: 47/51 MP: 5/5
  2156 | D:4      | Noticed Edmund
  2172 | D:4      | Killed Edmund
  2172 | D:4      | Reached skill level 9 in Axes
  2180 | D:4      | Found a staircase to the Ecumenical Temple.
  2186 | D:4      | Reached XP level 7. HP: 53/57 MP: 6/6
  2430 | D:4      | Reached *** piety under Trog
  2435 | D:4      | Reached skill level 10 in Axes
  2491 | D:5      | Entered Level 5 of the Dungeon
  2497 | D:5      | Found a shimmering altar of Xom.
  2498 | D:5      | Found a shimmering altar of Xom.
  2603 | D:5      | Found an iron altar of Okawaru.
  2603 | D:5      | Found a deep blue altar of Sif Muna.
  2604 | D:5      | Found a stormy altar of Qazlal.
  2657 | D:5      | Found a shimmering altar of Xom.
  2657 | D:5      | Found a shimmering altar of Xom.
  2659 | D:5      | Found a shimmering altar of Xom.
  2660 | D:5      | Found a shimmering altar of Xom.
  2870 | D:5      | Reached skill level 11 in Axes
  3034 | D:5      | Reached XP level 8. HP: 57/64 MP: 7/7
  3267 | D:6      | Found a white marble altar of Elyvilon.
  3438 | D:6      | Reached skill level 12 in Axes
  3744 | D:6      | Found a shadowy altar of Dithmenos.
  3837 | D:6      | Reached **** piety under Trog
  4036 | D:7      | Reached skill level 13 in Axes
  4148 | D:7      | Noticed a hippogriff
  4157 | D:7      | Killed a hippogriff
  4157 | D:7      | Reached skill level 14 in Axes
  4157 | D:7      | Reached XP level 9. HP: 46/70 MP: 8/8
  4761 | D:7      | Reached skill level 15 in Axes
  5380 | D:8      | Found a hide-covered altar of Uskayaw.
  5383 | D:8      | Found a glowing golden altar of the Shining One.
  5387 | D:8      | Found a sparkling altar of Nemelex Xobeh.
  5411 | D:8      | Found Ibyoripn's Antique Armour Shoppe.
  5420 | D:8      | Bought a pair of glowing gloves for 112 gold pieces
  5443 | D:8      | Found a shattered altar of Ashenzari.
  5638 | D:8      | Received a gift from Trog
  5868 | D:8      | Reached ***** piety under Trog
  5868 | D:8      | Reached skill level 16 in Axes
  5879 | D:8      | Reached XP level 10. HP: 71/77 MP: 9/9
  6234 | D:8      | Found a basalt altar of Yredelemnul.
  6401 | D:9      | Reached skill level 17 in Axes
  6499 | D:9      | Found a sparkling altar of Nemelex Xobeh.
  7125 | D:10     | Entered Level 10 of the Dungeon
  7125 | D:10     | Noticed Grum
  7142 | D:10     | Killed Grum
  7401 | D:10     | Noticed a hill giant
  7408 | D:10     | Killed a hill giant
  7408 | D:10     | Reached skill level 18 in Axes
  7738 | D:10     | Noticed an unseen horror
  7921 | D:10     | Noticed a hill giant
  7933 | D:10     | Killed a hill giant
  8064 | D:11     | Reached XP level 11. HP: 82/82 MP: 10/10
  8092 | D:11     | Found a stormy altar of Qazlal.
  8103 | D:11     | Noticed Naow's ghost (novice MiBe)
  8124 | D:11     | Killed Naow's ghost
  8124 | D:11     | Received a gift from Trog
  8124 | D:11     | Reached skill level 19 in Axes
  8137 | D:11     | Slain by a yak

Vault maps used:
D:1:      dpeg_arrival_tiny_c
D:2:      minmay_kobold_bridge, lemuel_crystal_altar
D:3:      nicolae_overflow_hidden_temple, lemuel_crystal_altar, first_bread
D:4:      kennysheep_nub, uniq_edmund
D:5:      gammafunk_temple_overflow_claw, xom_redecorated
D:6:      nicolae_dithmenos_through_a_glass_darkly, kennysheep_little_box,
          st_stairs_14
D:7:      the_bakery, serial_bayou_pond_e
D:8:      marbit_many_paths, grunt_temple_overflow_open, serial_shops,
          nicolae_shop_overgrown_old_shop, nicolae_ashenzari_panopticon
D:9:      basic_altar, nrook_pool_corridor
D:10:     uniq_grum
D:11:     dpeg_lair_monsters, serial_shops, shop, hangedman_feature_mirror

Skill      XL: |  1  2  3  4  5  6  7  8  9 10 11 |
---------------+----------------------------------+-----
Axes           | 4 5 6 7 8 9 11 14 16 18 19 | 19.2
Fighting       | |  3.6
Armour         | |  2.4
Dodging        | |  2.1

Action                   |  1- 3 |  4- 6 |  7- 9 | 10-12 || total
-------------------------+-------+-------+-------+-------++-------
Melee: Hand axe          |    80 |     1 |       |       ||    81
       Headbutt          |     9 |    15 |    53 |    50 ||   127
       War axe           |       |    73 |   351 |   279 ||   703
Invok: Berserk           |       |     2 |     3 |     8 ||    13
       Trog's Hand       |       |       |       |     1 ||     1
  Eat: Chunk             |     1 |     5 |    15 |    16 ||    37
       Beef jerky        |       |       |     1 |       ||     1
       Meat ration       |       |       |       |     1 ||     1
Armor: Animal skin       |     9 |       |       |       ||     9
       Troll leather arm |    19 |    21 |    31 |       ||    71
       Ring mail         |       |       |    63 |       ||    63
       Plate armour      |       |       |    27 |   137 ||   164
Dodge: Dodged            |    62 |    41 |   142 |    86 ||   331
